 Dungeon Crawl Stone Soup version 0.19-a0-1008-g4c63d25 (webtiles) character file.

1457 epen the Transmogrifier (level 8, 0/60 HPs)
             Began as a Merfolk Transmuter on July 23, 2016.
             Was a Follower of Uskayaw.
             Killed from afar by an electric eel (14 damage)
             ... with a bolt of electricity
             ... on level 6 of the Dungeon.
             The game lasted 00:11:34 (8447 turns).

epen the Transmogrifier (Merfolk Transmuter)        Turns: 8447, Time: 00:11:34

Health: 0/60       AC:  2    Str: 10 (11) XL:     8   Next: 76%
Magic:  14/16      EV: 25    Int: 14      God:    Uskayaw [*.....]
Gold:   369        SH:  0    Dex: 19      Spells: 3 memorised, 7 levels left

rFire  . . .     SeeInvis .       - Unarmed
rCold  . . .     Gourm    .     (armour currently unavailable)
rNeg   . . .     Faith    .     (shield currently unavailable)
rPois  x         Spirit   .     (helmet currently unavailable)
rElec  .         Dismiss  .     (cloak currently unavailable)
rCorr  .         Reflect  .     (gloves currently unavailable)
SustAt .         Harm     .     (boots currently unavailable)
MR     .....                    (no amulet)
Stlth  ++........               (no ring)
                                (no ring)

@: spider-form, not resistant to hostile enchantments, unstealthy
A: (change form in water), (swift swim), deterioration 1
a: End Transformation, Stomp, Renounce Religion


You were on level 6 of the Dungeon.
You worshipped Uskayaw.
Uskayaw was noncommittal.
You were not hungry.
You were a venomous arachnid creature.
You visited 2 branches of the dungeon, and saw 7 of its levels.

You collected 369 gold pieces.

Inventory:

Missiles
 a - 121 arrows
Armour
 b - a +0 robe
 d - a +0 cloak (melded)
 m - a +2 leather armour of poison resistance (melded)
 p - a +0 pair of boots (melded)
 t - a +0 helmet (melded)
Wands
 A - a wand of polymorph (12/24)
 D - a wand of hasting (7/9)
Scrolls
 f - 5 scrolls of remove curse
 g - 7 scrolls of identify
 l - 2 scrolls of fog
 o - a scroll of recharging
 q - a scroll of fear
Potions
 e - a potion of cure mutation
 h - a potion of resistance
 j - 3 potions of flight
 r - 2 potions of heal wounds
 s - 2 potions of agility
 F - a potion of berserk rage
Books
 c - a book of Changes

   Spells                             Type                      Level
   a - Beastly Appendage              Transmutation                1
   b - Sticks to Snakes               Transmutation                2
   c - Spider Form                    Transmutation/Poison         3
   d - Ice Form                       Ice/Transmutation            4
   e - Blade Hands                    Transmutation                5
 y - a book of Ice

   Spells                             Type                      Level
   a - Ice Form                       Ice/Transmutation            4
   b - Metabolic Englaciation         Hexes/Ice                    5
   c - Ozocubu's Refrigeration        Ice                          6
   d - Bolt of Cold                   Conjuration/Ice              6
   e - Freezing Cloud                 Conjuration/Ice/Air          6
   f - Simulacrum                     Ice/Necromancy               6
Comestibles
 i - a meat ration
 k - 3 fruits
 v - a beef jerky
 w - 2 bread rations


   Skills:
 + Level 4.2 Fighting
 + Level 5.9 Dodging
 + Level 4.9 Unarmed Combat
 * Level 5.3 Spellcasting
 * Level 8.1 Transmutations
 + Level 1.8 Invocations


You had 7 spell levels left.
You knew the following spells:

 Your Spells              Type           Power        Failure   Level  Hunger
b - Sticks to Snakes      Tmut           ####....     4%          2    ##.....
c - Spider Form           Tmut/Pois      ###.......   28%         3    ###....
d - Blade Hands           Tmut           ####......   41%         5    ######.


Dungeon Overview and Level Annotations

Branches:
Dungeon (6/15)             Temple (1/1) D:4

Altars:
Ashenzari
Cheibriados
Dithmenos
Elyvilon
Gozag
Hepliaklqana
Makhleb
Qazlal
Sif Muna
Trog
Uskayaw
Vehumet
Xom
Yredelemnul
Zin
The Shining One


Innate Abilities, Weirdness & Mutations

((You revert to your normal form in water.))
((You are very nimble and swift while swimming.))
Your body sometimes deteriorates upon taking damage.


Message History

a - 121 arrows (gained 30) No target in view!
No target in view!
You bite the electric eel!
The electric eel looks as sick as possible!
The electric eel is heavily wounded.
The electric eel shoots out a bolt of lightning at you!
The bolt of electricity hits you! x2
* * * LOW HITPOINT WARNING * * *
Your body deteriorates!
You feel weakened.
The bolt of electricity hits the electric eel.
The electric eel completely resists.
You hit the electric eel but do no damage.
The electric eel looks as sick as possible!
The electric eel is heavily wounded.
You closely miss the electric eel.
The electric eel is severely wounded.
The electric eel shoots out a bolt of lightning at you!
The bolt of electricity misses you. The bolt of electricity hits you!
You die...

#.....########.....#
#.##.............#.#
#.##.............#.#
#.##.≈≈.≈...≈≈P≈.#.#
#.##.≈PP≈≈.≈≈P≈≈.#.#
#.##.≈PP≈≈P≈P≈P≈.#.##
#.##.≈PP≈≈≈P≈≈≈≈.#..#
#.##.≈≈≈≈≈≈≈≈P≈≈.##.#
#.#..P≈P≈P≈≈≈≈P≈s.#.#
#.#)♣P≈≈≈≈≈≈≈≈≈;♣.#.#
#.#.♣;≈≈≈≈≈≈≈≈≈≈♣.#†#
#.#)♣♣P≈≈≈≈≈≈≈≈≈♣.#.#
#.#.♣♣≈≈≈≈≈≈≈≈≈♣♣.#.#
#.#.#♣♣≈≈≈≈≈≈≈≈*♣.#.#
#.#.# ♣≈≈≈≈≈≈♣♣*♣.#)#
#.#.# ♣♣≈≈≈≈♣♣ ♣.#.#
#.#(# *♣♣♣♣♣ #.#.#


You could see an electric eel.

Vanquished Creatures
  4 orc warriors
  2 centaurs
  A giant frog (D:6)
  A scorpion (D:6)
  A crimson imp (D:5)
  Crazy Yiuf (D:2)
  2 hounds (D:5)
  An orc priest (D:3)
  5 orc wizards
  Natasha (thrice) (D:2)
  5 worker ants
  A mummy (D:5)
  Robin (D:2)
  9 adders
  3 gnolls (D:6)
  A shadow imp (D:5)
  2 oozes (D:2)
  2 adder skeletons (D:5)
  An adder zombie (D:5)
  3 worms
  2 dart slugs
  7 giant geckos
  18 orcs
  6 giant cockroaches
  15 goblins
  15 hobgoblins
  11 jackals
  7 kobolds
  A quokka (D:2)
  2 ball pythons (D:2)
  8 bats
  A giant gecko zombie (D:6)
  6 giant newts
  A hobgoblin zombie (D:5)
  3 orc zombies (D:5)
  4 rats (D:2)
156 creatures vanquished.

Vanquished Creatures (collateral kills)
  An adder (D:1)
  An orc (D:6)
  A bat (D:2)
3 creatures vanquished.

Vanquished Creatures (others)
  2 plants (D:6)
2 creatures vanquished.

Grand Total: 161 creatures vanquished

Notes
Turn   | Place    | Note
-------+----------+-------------------------------------------
     0 | D:1      | epen the Merfolk Transmuter began the quest for the Orb.
     0 | D:1      | Reached XP level 1. HP: 15/15 MP: 3/3
   267 | D:1      | Reached skill level 3 in Transmutations
   375 | D:1      | Reached XP level 2. HP: 19/21 MP: 3/5
   865 | D:1      | Learned a level 2 spell: Sticks to Snakes
   962 | D:1      | Reached XP level 3. HP: 14/26 MP: 6/6
   967 | D:1      | Learned a level 3 spell: Spider Form
  1605 | D:2      | Noticed Natasha
  1605 | D:2      | HP: 1/27 [Natasha/magic dart (3)]
  1612 | D:2      | Killed Natasha
  1612 | D:2      | Reached skill level 4 in Transmutations
  1612 | D:2      | Reached XP level 4. HP: 4/33 MP: 8/8
  2055 | D:2      | Noticed Natasha
  2062 | D:2      | Killed Natasha
  2092 | D:2      | Noticed Robin
  2102 | D:2      | Reached XP level 5. HP: 37/38 MP: 0/9
  2108 | D:2      | Killed Robin
  2315 | D:2      | Noticed Natasha
  2330 | D:2      | Killed Natasha
  2451 | D:2      | Found a hazy altar of Hepliaklqana.
  2451 | D:2      | Found a deep blue altar of Sif Muna.
  2479 | D:2      | Found a glowing silver altar of Zin.
  2479 | D:2      | Found a glowing golden altar of the Shining One.
  2479 | D:2      | Found a white marble altar of Elyvilon.
  2620 | D:2      | Found a runed door.
  3033 | D:2      | Noticed Crazy Yiuf
  3040 | D:2      | Killed Crazy Yiuf
  3040 | D:2      | Reached skill level 5 in Transmutations
  3104 | D:3      | Reached XP level 6. HP: 43/46 MP: 11/11
  3116 | D:3      | Learned a level 5 spell: Blade Hands
  3131 | D:3      | Noticed an orc warrior
  3543 | D:3      | Killed an orc warrior
  3779 | D:3      | Found a shimmering altar of Xom.
  3792 | D:3      | Reached XP level 7. HP: 47/51 MP: 12/12
  4790 | D:4      | Found a staircase to the Ecumenical Temple.
  4855 | Temple   | Entered the Ecumenical Temple
  4997 | Temple   | Became a worshipper of Uskayaw the Reveler
  5086 | D:4      | Reached skill level 6 in Transmutations
  5086 | D:4      | Reached * piety under Uskayaw
  5124 | D:5      | Entered Level 5 of the Dungeon
  5159 | D:5      | Reached ** piety under Uskayaw
  5917 | D:5      | Reached *** piety under Uskayaw
  6062 | D:5      | Reached skill level 5 in Dodging
  6561 | D:6      | Reached skill level 7 in Transmutations
  6561 | D:6      | Reached XP level 8. HP: 48/60 MP: 12/14
  6575 | D:6      | Reached **** piety under Uskayaw
  6578 | D:6      | Reached skill level 1 in Invocations
  6764 | D:6      | Found a shadowy altar of Dithmenos.
  6952 | D:6      | Reached skill level 5 in Spellcasting
  7072 | D:6      | Gained mutation: You have a beak for a mouth. [potion of mutation]
  7072 | D:6      | Lost mutation: You have a beak for a mouth. [potion of mutation]
  7072 | D:6      | Gained mutation: Your body sometimes deteriorates upon taking damage. [potion of mutation]
  7443 | D:6      | Found a radiant altar of Vehumet.
  7488 | D:6      | HP: 3/60 [poisoned by a scorpion]
  7496 | D:6      | HP: 3/60 [poisoned by a scorpion]
  8110 | D:6      | Reached skill level 8 in Transmutations
  8447 | D:6      | Killed from afar by an electric eel

Vault maps used:
D:1:      lemuel_arrival_funnel, minmay_three_crescents
D:2:      good_gods_mini_temple, gammafunk_temple_overflow_elements, uniq_robin,
          uniq_natasha, uniq_crazy_yiuf_cottage
D:3:      tgw_xom
D:4:      first_bread
D:5:      minmay_mini_ossuary
D:6:      old_standard_altar, serial_bayou, serial_bayou_shore_b,
          serial_bayou_shore_b, serial_bayou_pond_a, serial_bayou_shore_a,
          nicolae_dithmenos_through_a_glass_darkly
Temple:   minmay_temple_forest_path

Skill      XL: |  1  2  3  4  5  6  7  8 |
---------------+-------------------------+-----
Transmutations | 3 4 5 7 8 |  8.1
Dodging        | 3 4 5 |  5.9
Fighting       | 2 3 4 |  4.2
Spellcasting   | 3 4 5 |  5.3
Unarmed Combat | 4 |  4.9
Invocations    | 1 |  1.8

Action                   |  1- 3 |  4- 6 |  7- 9 || total
-------------------------+-------+-------+-------++-------
Melee: Unarmed           |   118 |   209 |   302 ||   629
       Headbutt          |     4 |     2 |       ||     6
       Punch             |     2 |       |       ||     2
 Cast: Beastly Appendage |     3 |     2 |       ||     5
       Sticks to Snakes  |     2 |     3 |     1 ||     6
       Spider Form       |       |    10 |    19 ||    29
 Abil: End Transformatio |       |     1 |       ||     1
  Use: Potion            |     4 |       |     4 ||     8
       Scroll            |       |     9 |     4 ||    13
 Stab: Distracted        |     1 |       |       ||     1
       Sleeping          |       |     1 |     3 ||     4
       Paralysed         |       |       |     6 ||     6
  Eat: Chunk             |     2 |     6 |    13 ||    21
       Bread ration      |       |     1 |     1 ||     2
Armor: Robe              |     7 |       |       ||     7
       Leather armour    |    22 |    46 |    46 ||   114
       Skin              |       |     5 |     4 ||     9
Dodge: Dodged            |    89 |   192 |   185 ||   466
